 Dungeon Crawl Stone Soup version 0.18-a0-1293-g5a2c81a (webtiles) character file.

24 ololoev the Firebug (level 2, 1/15 HPs)
             Began as a Deep Elf Fire Elementalist on Feb 10, 2016.
             Quit the game on level 1 of the Dungeon.
             The game lasted 00:01:48 (322 turns).

ololoev the Firebug (Deep Elf Fire Elementalist)     Turns: 322, Time: 00:01:48

Health: 1/15       AC:  2    Str:  5    XL:     2   Next: 79%
Magic:  0/8        EV: 13    Int: 19    God:
Gold:   28         SH:  0    Dex: 15    Spells: 1 memorised, 6 levels left

rFire  . . .     SeeInvis .     j - -2 spear (curse)
rCold  . . .     Gourm    .     a - +0 robe
rNeg   . . .     Faith    .     (no shield)
rPois  .         Spirit   .     (no helmet)
rElec  .         Dismiss  .     (no cloak)
rCorr  .         Reflect  .     (no gloves)
SustAt .         Harm     .     (no boots)
MR     .....                    (no amulet)
Stlth  ++........               (no ring)
                                (no ring)

@: very slightly contaminated, not resistant to hostile enchantments, unstealthy
A: no striking features
a: no special abilities

Inventory:

Hand Weapons
 j - a cursed -2 spear (weapon)
Armour
 a - a +0 robe (worn)
Scrolls
 d - a scroll of fog {unknown}
 g - 2 scrolls of identify {unknown}
 i - a scroll of remove curse {unknown}
Potions
 e - a potion of agility {unknown}
 f - a potion of cure mutation {unknown}
 h - a potion of curing {unknown}
Books
 b - a book of Flames

   Spells                             Type                      Level
   a - Flame Tongue                   Conjuration/Fire             1
   b - Throw Flame                    Conjuration/Fire             2
   c - Conjure Flame                  Conjuration/Fire             3
   d - Inner Flame                    Hexes/Fire                   3
   e - Sticky Flame                   Conjuration/Fire             4
   f - Fireball                       Conjuration/Fire             5
Comestibles
 c - a bread ration


   Skills:
 - Level 2.4 Dodging
 - Level 2.4 Stealth
 + Level 3.3 Spellcasting
 * Level 2.4 Conjurations
 + Level 3.6 Fire Magic


You had 6 spell levels left.
You knew the following spells:

 Your Spells              Type           Power        Failure   Level  Hunger
a - Flame Tongue          Conj/Fire      ##...        6%          1    None


You were on level 1 of the Dungeon.
You were not hungry.

You visited 1 branch of the dungeon, and saw 1 of its levels.

You collected 28 gold pieces.

###.# # ..#.#
#####.#.# ##+####
#..##.#.###.....#
#..#..#.#.+.....#
#..##.#.#.#.....#
#..#..#.#.#...b.##
..........)....)@#
#..####.#)#....r.#
#.......#.#......#
##.####g#l#.#.##.#
##.. .........#.#
##### #.......##.#
### .(.......#.#
..# #.......##.#
..# ..>. .#

Notes
Turn   | Place    | Note
--------------------------------------------------------------
     0 | D:1      | ololoev the Deep Elf Fire Elementalist began the quest for the Orb.
     0 | D:1      | Reached XP level 1. HP: 10/10 MP: 6/6
    93 | D:1      | Reached XP level 2. HP: 15/15 MP: 4/8
   119 | D:1      | Found a sparkling altar of Nemelex Xobeh.
   322 | D:1      | Quit the game

Dungeon Overview and Level Annotations

Branches:
Dungeon (1/15)

Altars:
Nemelex Xobeh


Message History

You are too injured to fight recklessly!
You are too injured to fight recklessly!
You are too injured to fight recklessly!
You are too injured to fight recklessly!
You are too injured to fight recklessly!
You are too injured to fight recklessly!
You are too injured to fight recklessly!
You are too injured to fight recklessly!
You hit the goblin but do no damage.
The goblin is severely wounded.
The rat closely misses you. The goblin hits you but does no damage.
A bat comes into view.
You hit the goblin but do no damage.
The goblin is severely wounded.
The rat bites you. The goblin closely misses you.
You miss the goblin.
The goblin is severely wounded.
The bat barely misses you. The rat bites you. The goblin hits you with a club.
You hit the goblin but do no damage.
The goblin is severely wounded.
The rat barely misses you. The bat hits you but does no damage.
The goblin misses you.
Casting: Flame Tongue
Confirm with . or Enter, or press ? or * to list all spells.
Aiming: Flame Tongue
Press: ? - help, Shift-Dir - straight line, f - goblin
Aim: a goblin, wielding a club and wearing a leather armour (severely wounded)
The flame tongue hits the goblin.
You kill the goblin!
The bat closely misses you. The rat barely misses you.
Casting: Flame Tongue
Confirm with . or Enter, or press ? or * to list all spells.
Aiming: Flame Tongue
Press: ? - help, Shift-Dir - straight line, f - bat
Aim: a bat You miscast Flame Tongue.
You are very lightly contaminated with residual magic.
Nothing appears to happen.
The bat closely misses you. The rat barely misses you.
Are you sure you want to abandon this character and quit the game? (Confirm with "yes".)

You could see a bat and a rat.

Vanquished Creatures
  2 giant geckos (D:1)
  4 bats (D:1)
  5 goblins (D:1)
  A hobgoblin (D:1)
  4 jackals (D:1)
  A kobold (D:1)
  2 rats (D:1)
19 creatures vanquished.

Action                   || total
-------------------------++-------
Melee: Spear             ||    10
       Unarmed           ||     3
 Cast: Flame Tongue      ||    24

Vault maps used:
D:1:      dpeg_arrival_subterranean_lakeside_camping, st_stairs_4,
          nemelex_altar_shiori
